 Dungeon Crawl Stone Soup version 0.28.0 (webtiles) character file.

Game seed: 8506347902971800251

3791 AmazingTV the Protected (level 9, -4/82 HPs)
             Began as a Minotaur Fighter on Mar 15, 2024.
             Was a Priest of Okawaru.
             Slain by Harold (21 damage)
             ... on level 8 of the Dungeon.
             The game lasted 00:22:23 (8888 turns).

AmazingTV the Protected (Minotaur Fighter)          Turns: 8888, Time: 00:22:23

Health: -4/82      AC:  9    Str: 20    XL:     9   Next: 95%
Magic:  8/8        EV: 10    Int:  5    God:    Okawaru [***...]
Gold:   298        SH:  6    Dex: 15    Spells: 8/8 levels left

rFire   . . .      SeeInvis +   a - +2 hand axe (freeze) {axe}
rCold   . . .      Faith    .   c - +0 buckler
rNeg    . . .      Spirit   .   w - +0 scale mail
rPois   .          Reflect  .   (helmet restricted)
rElec   .          Harm     .   o - +0 cloak
rCorr   .          Rampage  .   (no gloves)
Will    .....                   (no boots)
Stlth   ..........              (no amulet)
HPRegen 0.23/turn               r - ring of see invisible
MPRegen 0.11/turn               (no ring)

@: marked
A: horns 2, retaliatory headbutt
a: Renounce Religion, Heroism


You were on level 8 of the Dungeon.
You worshipped Okawaru.
Okawaru was most pleased with you.
You visited 2 branches of the dungeon, and saw 9 of its levels.

You collected 298 gold pieces.


Innate Abilities, Weirdness & Mutations

You have a pair of horns on your head.
You reflexively headbutt those who attack you in melee.


   Skills:
 + Level 8.6 Fighting
 + Level 8.1(9.0) Axes
 + Level 5.9(7.9) Maces & Flails
 + Level 2.2 Crossbows
 + Level 8.6 Armour
 + Level 2.1 Dodging
 + Level 8.6 Shields


You had 8 spell levels left.
You didn't know any spells.
Your spell library contained the following spells:

 Spells                   Type           Power      Damage    Failure   Level
 Beastly Appendage        Tmut           0%         N/A       86%         1
 Magic Dart               Conj           0%         1d3       86%         1
 Sublimation of Blood     Necr           0%         N/A       94%         2
 Wereblood                Tmut           0%         N/A       94%         2
 Inner Flame              Hex/Fire       0%         N/A       99%         3
 Mephitic Cloud           Conj/Pois/Air  0%         N/A       99%         3
 Spider Form              Tmut/Pois      0%         N/A       99%         3
 Cause Fear               Hex            0%         N/A       100%        4
 Discord                  Hex            0%         N/A       100%        8
 Call Imp                 Summ           Unusable   N/A       N/A         2
 Summon Hydra             Summ           Unusable   N/A       N/A         7

Inventory:

Hand Weapons
 a - a +2 hand axe of freezing (weapon) {axe}
   (You took it off an orc on level 5 of the Dungeon)
 b - a +0 battleaxe {axe}
   (You found it on level 4 of the Dungeon)
 n - a +4 quarterstaff of chaos {staff}
   (You took it off Crazy Yiuf on level 2 of the Dungeon)
 q - a +0 dagger of chaos {short}
   (You took it off a crimson imp on level 3 of the Dungeon)
 u - a +4 dagger {short}
   (You took it off a goblin on level 4 of the Dungeon)
 y - a +0 war axe {axe}
 B - a +3 flail of draining {mace}
   (You took it off Edmund on level 6 of the Dungeon)
 I - a +1 whip of venom {mace}
   (You took it off a kobold brigand on level 6 of the Dungeon)
 N - a +2 hand crossbow of flaming {crossbow}
   (You found it on level 7 of the Dungeon)
Missiles
 f - 127 stones (quivered)
 k - 65 bolts
 p - 95 sling bullets
 s - 24 poisoned darts
 t - 32 arrows
 M - a throwing net {=f!f}
Armour
 c - a +0 buckler (worn)
 o - a +0 cloak (worn)
   (You took it off Crazy Yiuf on level 2 of the Dungeon)
 w - a +0 scale mail (worn)
Jewellery
 r - a ring of see invisible (left hand)
   (You found it on level 3 of the Dungeon)
Wands
 x - a wand of iceblast (5)
   (You found it on level 5 of the Dungeon)
 z - a wand of mindburst (13)
   (You found it on level 5 of the Dungeon)
 L - a wand of polymorph (8)
   (You took it off Pikel on level 7 of the Dungeon)
 O - a wand of paralysis (6)
   (You found it on level 7 of the Dungeon)
Scrolls
 g - 3 scrolls of fear {unknown}
 h - 2 scrolls of noise {unknown}
 j - 6 scrolls of identify {unknown}
 A - 3 scrolls of enchant weapon {unknown}
 C - 2 scrolls of brand weapon {unknown}
 E - a scroll of amnesia {unknown}
 G - 2 scrolls of enchant armour {unknown}
 H - a scroll of magic mapping {unknown}
 J - 2 scrolls of teleportation {unknown}
Potions
 d - 5 potions of might
 e - 6 potions of curing {unknown}
 i - a potion of cancellation {unknown}
 l - 2 potions of haste {unknown}
 m - 2 potions of berserk rage {unknown}
 v - 2 potions of flight {unknown}
 D - 2 potions of mutation {unknown}
 F - 2 potions of lignification {unknown}
 K - a potion of degeneration {unknown}

Dungeon Overview and Level Annotations

Branches:
Dungeon (8/15)             Temple (1/1) D:5
   Lair: D:8-11

Altars:
Ashenzari
Cheibriados
Dithmenos
Elyvilon
Fedhas
Gozag
Hepliaklqana
Kikubaaqudgha
Makhleb
Nemelex Xobeh
Okawaru
Qazlal
Ru
Sif Muna
Trog
Uskayaw
Vehumet
Wu Jian
Xom
Yredelemnul
Zin
The Shining One

Shops:
D:3 [

Annotations:
D:8 Harold

#.#.#...# #..# # #
#$#.#.########.# #
#@#.#.#.#......#.# #
#.#.#.#.#.####.#.## #
###.....#.#.#..#.#..###
........#.#.#.<#.#..... #
............##.#.#..)##
....#####........#.#....)
.......@@..........#.#..#
.....####.#.########....)
... #.#.....#........ .
#.#.....'........
#.##....#.####...
#.##....#.# #...
#.##....#.# #...
#.##....#.# ...
#.#######.# ..


You could see Harold.


Message History

You headbutt the orc wizard.
You kill the orc wizard!
Okawaru accepts your kill.
The orc warrior hits you but does no damage.
You hit the orc warrior but do no damage.
You drain the orc warrior. You headbutt the orc warrior!
The orc warrior hits you but does no damage.
You hit the orc warrior but do no damage.
You drain the orc warrior. You block the orc warrior's attack.
You hit the orc warrior but do no damage.
You drain the orc warrior.
You headbutt the orc warrior, but do no damage.
You block the orc warrior's attack.
You barely miss the orc warrior.
The orc warrior barely misses you. ๐Ÿ˜จ HP[+1]
You thump the orc warrior!
You kill the orc warrior!
Okawaru accepts your kill.
You start resting. ๐Ÿ˜Ž HP[+52]
Your hp is fully restored (82).
Things that are here:
a +0 dagger {short}; a +0 robe
Items here: ))) [[ รท.
Found a stone staircase leading down.
You open the door.
There is an open door here.
Found a stone staircase leading up.
p - 95 sling bullets (gained 18)
A steam dragon comes into view.
The steam dragon hisses angrily.
The steam dragon breathes steam at you.
The ball of steam hits you! ๐Ÿ˜• HP[-13]
You take 13 damage, and now have 69/82 hp.
Harold the Weathered comes into view.
He is wielding a +0 war axe. ๐Ÿ˜• HP[+1]
You hit the steam dragon. You drain the steam dragon.
You headbutt the steam dragon! The steam dragon barely misses you.
You furiously retaliate!
You headbutt the steam dragon!
The steam dragon claws you but does no damage.
The steam dragon misses you. The steam dragon claws you. ๐Ÿ˜• HP[-3]
You take 3 damage, and now have 67/82 hp.
You barely miss the steam dragon. The steam dragon bites you.
The steam dragon claws you but does no damage. ๐Ÿ˜ฎ HP[-6]
You take 6 damage, and now have 61/82 hp.
You sock the steam dragon!
You kill the steam dragon!
Okawaru accepts your kill.
The steam dragon scales are intact enough to wear.
Things that are here:
+0 steam dragon scales; a steam dragon corpse ๐Ÿ˜• HP[+1] Harold shouts!
Harold throws a throwing net.
The throwing net hits you.
You become entangled in the net!
You see here a throwing net {=f!f}.
Your +2 hand axe of freezing {axe} glows with a cold blue light!
a - a +2 hand axe of freezing (weapon)
{axe} Harold asks, "Do you mind if I name my boat the 'AmazingTV'?
Your head will be paying for it, after all."
Harold casts a spell at you. A sentinel's mark forms upon you.
You struggle against the net.
You struggle against the net.
You struggle against the net.
Harold says, "I was hoping my final job would be more of a challenge, but money is money." ๐Ÿ˜• HP[+1]
You struggle against the net.
You rip the net and break free!
Harold hits you with a +0 war axe! ๐Ÿ˜ฎ HP[-8]
You take 8 damage, and now have 55/82 hp.
You hit Harold. You freeze Harold. Your headbutt misses Harold.
Harold hits you with a +0 war axe. ๐Ÿ˜ฎ HP[-2]
You take 2 damage, and now have 53/82 hp.
You hit Harold. You freeze Harold. Harold hits you with a +0 war axe!
* * * LOW HITPOINT WARNING * * *
๐Ÿ˜จ HP[-14]
You take 14 damage, and now have 39/82 hp.
You hit Harold. You freeze Harold. Harold barely misses you. ๐Ÿ˜จ HP[+1]
You slash Harold! You freeze Harold. Harold hits you with a +0 war axe!!
* * * LOW HITPOINT WARNING * * *
๐Ÿ˜ฑ HP[-20]
You take 20 damage, and now have 20/82 hp.
MASSIVE DAMAGE!! (PAUSE)
You slash Harold! You freeze Harold. Harold hits you with a +0 war axe.
* * * LOW HITPOINT WARNING * * *
๐Ÿ˜ฑ HP[-4]
You take 4 damage, and now have 16/82 hp.
You hit Harold. You freeze Harold. You headbutt Harold!
Harold completely misses you.
You hit Harold. You freeze Harold.
Your headbutt misses Harold. ๐Ÿ˜ฑ HP[+1]
You hit Harold. You freeze Harold. Your headbutt misses Harold.
Harold hits you with a +0 war axe!!
You die...

Skill      XL: |  1  2  3  4  5  6  7  8  9 |
---------------+----------------------------+-----
Fighting       | 4 5 6 7 8 |  8.6
Armour         | 4 5 6 7 8 |  8.6
Shields        | 4 5 6 7 8 |  8.6
Axes           | 3 4 5 6 7 8 |  8.1
Maces & Flails | 2 4 5 |  5.9
Crossbows      | 2 |  2.2
Dodging        | 2 |  2.1

Action                   |  1- 3 |  4- 6 |  7- 9 || total
-------------------------+-------+-------+-------++-------
Melee: War axe           |    69 |   126 |       ||   195
       Headbutt          |     9 |    26 |    62 ||    97
       Hand axe          |       |    23 |   142 ||   165
       Flail             |       |       |   123 ||   123
Invok: Heroism           |       |       |     2 ||     2
Armor: Scale mail        |    29 |    76 |    87 ||   192
Dodge: Dodged            |    31 |    63 |    79 ||   173
Block: Buckler           |    20 |    48 |    71 ||   139

Levels and vault maps discovered:
D:1:      dpeg_arrival_central, layout_loops_ring,
          ebering_ecumenical_altar_petrified, minivault_26, minmay_lizard_pond
D:2:      layout_rooms, uniq_crazy_yiuf_cottage
D:3:      layout_basic, grunt_temple_overflow_champion_of_chaos, serial_shops,
          shop, nrook_uturn, minmay_cupped
D:4:      layout_rooms, mainiacjoe_overflow_catwalk,
          mainiacjoe_overflow_alcove_2
D:5:      layout_basic, minmay_temple_entry_tees, uniq_grinder
D:6:      layout_basic, grunt_decor_junction, uniq_edmund
D:7:      cheibrodos_two_vegetables, layout_basic, uniq_pikel
D:8:      layout_basic, uniq_harold
Temple:   dpeg_five_rooms_temple

Notes
Turn   | Place    | Note
-------+----------+-------------------------------------------
     0 | D:1      | AmazingTV the Minotaur Fighter began the quest for the Orb.
     0 | D:1      | Reached XP level 1. HP: 19/19 MP: 0/0
     0 | D:1      | magus.rc [v1.9.6]
   187 | D:1      | Reached XP level 2. HP: 27/27 MP: 1/1
   324 | D:1      | You fall into a shaft and drop 1 floor!
   337 | D:2      | Reached skill level 4 in Fighting
   337 | D:2      | Reached skill level 4 in Armour
   337 | D:2      | Reached skill level 4 in Shields
   341 | D:2      | HP: 6/27 [jackal (3)]
   350 | D:2      | Reached XP level 3. HP: 5/33 MP: 2/2
   623 | D:2      | Reached skill level 3 in Axes
  1026 | D:2      | Reached XP level 4. HP: 41/41 MP: 3/3
  1343 | D:2      | Found a runed translucent door.
  1344 | D:2      | Noticed Crazy Yiuf
  1349 | D:2      | Killed Crazy Yiuf
  1457 | D:3      | You pick up a book of Blood and begin reading...
  1457 | D:3      | You add the spells Sublimation of Blood, Wereblood and
                  | Summon Hydra to your library.
  1637 | D:3      | Found a burning altar of Makhleb.
  1637 | D:3      | Found a shimmering altar of Xom.
  1643 | D:3      | Reached XP level 5. HP: 36/47 MP: 4/4
  2032 | D:3      | Found Vecoa's Antique Armour Shop.
  2327 | D:4      | Reached skill level 4 in Axes
  2327 | D:4      | Reached skill level 5 in Shields
  2416 | D:4      | Found a shadowy altar of Dithmenos.
  2454 | D:4      | Reached skill level 5 in Fighting
  2454 | D:4      | Reached skill level 5 in Armour
  2651 | D:4      | Found a bloodstained altar of Trog.
  2832 | D:5      | Entered Level 5 of the Dungeon
  2844 | D:5      | Found a staircase to the Ecumenical Temple.
  2851 | D:5      | Reached XP level 6. HP: 52/56 MP: 5/5
  2855 | Temple   | Entered the Ecumenical Temple
  3144 | Temple   | Became a worshipper of Warmaster Okawaru
  3348 | D:5      | Noticed a sky beast
  3488 | D:5      | Noticed a sky beast
  3513 | D:5      | Killed a sky beast
  3589 | D:5      | Killed a sky beast
  3590 | D:5      | Reached skill level 5 in Axes
  3590 | D:5      | Reached XP level 7. HP: 51/62 MP: 6/6
  3765 | D:5      | Reached skill level 6 in Fighting
  3765 | D:5      | Reached skill level 6 in Armour
  3765 | D:5      | Reached skill level 6 in Shields
  4089 | D:5      | Reached skill level 1 in Maces & Flails
  4091 | D:5      | Reached * piety under Okawaru
  4304 | D:5      | Noticed Grinder
  4609 | D:5      | Paralysed by Grinder for 7 turns
  4621 | D:5      | Killed Grinder
  4622 | D:5      | Reached skill level 6 in Axes
  4622 | D:5      | Reached skill level 2 in Maces & Flails
  4622 | D:5      | Reached XP level 8. HP: 42/71 MP: 7/7
  4847 | D:5      | Reached ** piety under Okawaru
  4953 | D:5      | Reached skill level 3 in Maces & Flails
  5034 | D:6      | Noticed Edmund
  5036 | D:6      | Reached skill level 7 in Fighting
  5036 | D:6      | Reached skill level 7 in Armour
  5036 | D:6      | Reached skill level 7 in Shields
  5047 | D:6      | Killed Edmund
  5489 | D:6      | Reached skill level 4 in Maces & Flails
  5880 | D:6      | Reached skill level 7 in Axes
  6032 | D:6      | You pick up a book of Changes and begin reading...
  6032 | D:6      | You add the spells Beastly Appendage and Spider Form to
                  | your library.
  6083 | D:6      | Reached XP level 9. HP: 59/79 MP: 8/8
  6806 | D:7      | Noticed Pikel
  6818 | D:7      | Killed Pikel
  6819 | D:7      | Reached skill level 8 in Fighting
  6819 | D:7      | Reached skill level 5 in Maces & Flails
  6819 | D:7      | Reached skill level 8 in Armour
  6819 | D:7      | Reached skill level 8 in Shields
  6858 | D:7      | Reached *** piety under Okawaru
  6960 | D:7      | You pick up a book of Hexes and begin reading...
  6960 | D:7      | You add the spells Inner Flame, Cause Fear and Discord to
                  | your library.
  7302 | D:7      | You pick up a book of Minor Magic and begin reading...
  7302 | D:7      | You add the spells Magic Dart and Mephitic Cloud to your
                  | library.
  7601 | D:7      | Reached skill level 1 in Crossbows
  7601 | D:7      | Reached skill level 1 in Dodging
  8533 | D:8      | Noticed a troll
  8543 | D:8      | Killed a troll
  8544 | D:8      | Reached skill level 8 in Axes
  8544 | D:8      | Reached skill level 2 in Crossbows
  8544 | D:8      | Reached skill level 2 in Dodging
  8867 | D:8      | Noticed Harold
  8884 | D:8      | HP: 20/82 [Harold (20)]
  8888 | D:8      | Slain by Harold

Vanquished Creatures
  Pikel (D:7)
  A troll (D:8)
  Grinder (D:5)
  A steam dragon (D:8)
  Edmund (D:6)
  3 water moccasins
  An orc warrior (D:8)
  3 sky beasts (D:5)
  An ice beast (D:6)
  A black bear (D:5)
  A phantom (D:5)
  A lemure (D:7)
  A kobold brigand (D:6)
  3 bullfrogs
  4 scorpions
  2 water moccasin skeletons
  6 killer bees (D:7)
  A howler monkey (D:8)
  A crimson imp (D:3)
  A jelly (D:7)
  A bullfrog zombie (D:6)
  3 centaur zombies
  A hound (D:6)
  Crazy Yiuf (D:2)
  3 orc priests
  2 bullfrog skeletons
  2 iguanas
  3 orc wizards
  A killer bee zombie (D:6)
  A hound zombie (D:4)
  3 gnolls (D:6)
  12 adders
  4 shadow imps
  An ufetubus (D:4)
  A worm (D:5)
  A dart slug (D:2)
  11 orcs
  7 ball pythons
  4 bats
  7 endoplasms
  2 giant cockroaches (D:3)
  9 hobgoblins
  6 jackals
  7 quokkas
  5 frilled lizards (D:1)
  4 goblins
  8 kobolds
  A quokka skeleton (D:4)
  3 rats
149 creatures vanquished.

Vanquished Creatures (others)
  3 fungi (D:2)
  A plant (D:7)
4 creatures vanquished.

Grand Total: 153 creatures vanquished

Table legend:
 A = Non-vault XP
 B = Vault XP
 C = Vault XP percentage of total XP
 D = Non-vault monster count
 E = Vault monster count
 F = Vault count percentage of total count
                 A         B        C        D         E       F
            +---------+---------+-------+---------+---------+-------
      Total |    4072 |    1344 |  24.8 |     131 |      17 |  11.5
            +---------+---------+-------+---------+---------+-------
        D:1 |      16 |       5 |  23.8 |       9 |       5 |  35.7
        D:2 |      82 |      41 |  33.3 |      19 |       1 |   5.0
        D:3 |      60 |      57 |  48.7 |      20 |       5 |  20.0
        D:4 |     100 |       0 |   0.0 |      15 |       0 |   0.0
        D:5 |    1269 |     286 |  18.4 |      21 |       1 |   4.5
        D:6 |     890 |     178 |  16.7 |      22 |       1 |   4.3
        D:7 |     890 |     777 |  46.6 |      17 |       4 |  19.0
        D:8 |     765 |       0 |   0.0 |       8 |       0 |   0.0
            +---------+---------+-------+---------+---------+-------

Illustrated notes

Table legend:
 A = Kills in this place as a percentage of kills in entire the game.
 B = Kills by you in this place as a percentage of kills by you in the entire game.
 C = Kills by friends in this place as a percentage of kills by friends in the entire game.
 D = Other kills in this place as a percentage of other kills in the entire game.
 E = Experience gained in this place as a percentage of experience gained in the entire game.
 F = Experience gained in this place divided by the number of levels of this place that you have seen.
                   A       B       C       D       E      F
               +-------+-------+-------+-------+-------+----------------------
         Total | 100.0 | 100.0 |   N/A |   N/A | 100.0 | 601.8
       Dungeon | 100.0 | 100.0 |   N/A |   N/A | 100.0 | 677.0
               +-------+-------+-------+-------+-------+----------------------

Table legend: (Time is in decaauts)
 A = Elapsed time spent in this place.
 B = Non-inter-level travel time spent in this place.
 C = Inter-level travel time spent in this place.
 D = Time resting spent in this place.
 E = Time spent auto-exploring this place.
 F = Levels seen in this place.
 G = Mean time per level.
                   A        B        C        D        E       F      G
               +--------+--------+--------+--------+--------+-----+--------+
         Total |   8990 |   8430 |    560 |   2930 |   4226 |   9 |  998.9 |
       Dungeon |   8668 |   8171 |    497 |   2930 |   3981 |   8 | 1083.5 |
        Temple |    321 |    258 |     63 |      0 |    245 |   1 |  321.0 |
               +--------+--------+--------+--------+--------+-----+--------+

Top non-repeatable levels by time:
     D:5: 1899 daAuts
     D:7: 1844 daAuts
     D:6: 1346 daAuts
     D:2: 1100 daAuts
     D:4: 831 daAuts
     D:3: 818 daAuts
     D:8: 496 daAuts
     D:1: 331 daAuts
  Temple: 321 daAuts
